 Dungeon Crawl Stone Soup version 0.16-a0-3066-g1eedcb1 (webtiles) character file.

899 Wendol the Cudgeler (level 8, -6/63 HPs)
             Began as a Human Monk on Dec 10, 2014.
             Was a Believer of Okawaru.
             Mangled by an orc warrior
             ... wielding a +0 long sword
              (13 damage)
             ... on level 6 of the Dungeon.
             The game lasted 00:27:31 (8325 turns).

Wendol the Cudgeler (Human Monk)                    Turns: 8325, Time: 00:27:31

Health: -6/63      AC:  5    Str: 11    XL:     8   Next: 28%
Magic:  8/8        EV: 18    Int: 12    God:    Okawaru [**....]
Gold:   243        SH:  0    Dex: 17    Spells: 0 memorised, 7 levels left

rFire  . . .     SeeInvis .     b - +0 shortbow
rCold  + . .     Clarity  .     l - +0 robe
rNeg   . . .     SustAb   .     (no shield)
rPois  .         Gourm    .     (no helmet)
rElec  .         Spirit   .     n - +1 cloak
rCorr  .         Warding  .     (no gloves)
rMut   .         Stasis   .     e - +0 pair of boots
MR     .....                    (no amulet)
Stlth  ++++......               (no ring)
                                h - ring of protection from cold

@: heroism, not resistant to hostile enchantments, stealthy
A: no striking features
a: Heroism, Renounce Religion


You were on level 6 of the Dungeon.
You worshipped Okawaru.
Okawaru was pleased with you.
You were not hungry.

You visited 2 branches of the dungeon, and saw 7 of its levels.

You collected 243 gold pieces.

Inventory:

Hand weapons
 a - a +0 whip
 b - a +0 shortbow (weapon)
 g - a +2 dagger of speed
 m - a +0 scimitar
Missiles
 o - 7 arrows (quivered)
 q - 10 arrows of frost
 t - 11 arrows of flame
Armour
 e - a +0 pair of boots (worn)
 l - a +0 robe (worn)
 n - a +1 cloak (worn)
Jewellery
 f - an uncursed amulet of resist corrosion
 h - a ring of protection from cold (left hand)
 i - a cursed ring of teleportation
 k - an uncursed amulet of regeneration
Scrolls
 c - 3 scrolls of remove curse
 d - a scroll of identify
Potions
 p - a potion of curing {unknown}
Comestibles
 j - a meat ration
 r - 3 bread rations


   Skills:
 - Level 5.5(10.5) Fighting
 - Level 6.1(11.1) Maces & Flails
 + Level 3.0(8.0) Bows
 - Level 4.0(9.0) Dodging
 - Level 2.0(7.0) Stealth
 - Level 4.0(9.0) Unarmed Combat


You had 7 spell levels left.
You didn't know any spells.

Dungeon Overview and Level Annotations

Branches:
Dungeon (6/15)             Temple (1/1) D:4

Altars:
Ashenzari
Cheibriados
Dithmenos
Fedhas
Gozag
Makhleb
Nemelex Xobeh
Okawaru
Qazlal
Ru
Sif Muna
Trog
Vehumet
Xom
Yredelemnul
The Shining One

Shops:
D:4 (   D:5 ?


Message History

You completely miss the orc warrior.
The orc warrior is severely wounded.
The orc warrior hits you with a long sword!
* * * LOW HITPOINT WARNING * * *
Wield which item (- for none, * to show all)? (? for menu, Esc to quit)
Okay, then.
b - a +0 shortbow (weapon)
Firing (i - inventory. (,) - cycle):
o - 9 arrows (quivered)
Press: ? - help, Shift-Dir - straight line, f - orc warrior
Aim: an orc warrior, wielding a long sword and wearing a chain mail (severely wounded)
You shoot an arrow.
The arrow barely misses the orc warrior.
The orc warrior closely misses you.
Firing (i - inventory. (,) - cycle):
o - 8 arrows (quivered)
Press: ? - help, Shift-Dir - straight line, f/p - orc warrior
Aim: an orc warrior, wielding a long sword and wearing a chain mail (severely wounded)
You shoot an arrow. The arrow hits the orc warrior.
The orc warrior is severely wounded.
The orc warrior hits you with a long sword!
You die...

#.# #.# #Z#
#.# ..( #.#
.(. #.#
####### %..#
#.# #....<#
.(.# #.#
#.##### ...#
#.# #.# o..
#.########.#
#()o@......#
############


You could see an orc warrior.

Vanquished Creatures
  A water moccasin (D:5)
  An ogre (D:4)
  A centaur (D:5)
  2 centaur zombies
  2 orc priests
  A giant frog zombie (D:6)
  2 hounds
  A jelly (D:5)
  6 worker ants
  A giant frog skeleton (D:4)
  An iguana (D:6)
  Ijyb (D:2)
  Terence (D:2)
  A hound skeleton (D:4)
  3 adders
  3 worms
  3 giant geckos
  An ooze (D:2)
  8 orcs
  A bat skeleton (D:4)
  5 giant cockroaches
  9 hobgoblins
  5 jackals
  9 kobolds
  A quokka (D:4)
  A ball python (D:2)
  14 bats
  5 giant newts
  4 goblins
  2 jackal skeletons (D:4)
  A quokka zombie (D:3)
  12 rats
109 creatures vanquished.

Notes
Turn   | Place    | Note
--------------------------------------------------------------
     0 | D:1      | Wendol, the Human Monk, began the quest for the Orb.
     0 | D:1      | Reached XP level 1. HP: 18/18 MP: 1/1
    65 | D:1      | Reached XP level 2. HP: 12/24 MP: 2/2
   611 | D:1      | Reached skill level 1 in Maces & Flails
   964 | D:1      | Reached XP level 3. HP: 29/29 MP: 3/3
  1985 | D:2      | Reached XP level 4. HP: 33/35 MP: 4/4
  2058 | D:2      | Noticed Ijyb
  2064 | D:2      | Killed Ijyb
  2210 | D:2      | Noticed Terence
  2249 | D:2      | Killed Terence
  2788 | D:2      | Found a bloodstained altar of Trog.
  2789 | D:2      | Found an opulent altar of Gozag.
  2814 | D:2      | Found a shadowy altar of Dithmenos.
  2885 | D:2      | Reached XP level 5. HP: 39/41 MP: 5/5
  4145 | D:4      | Found a radiant altar of Vehumet.
  4168 | D:4      | Reached XP level 6. HP: 47/47 MP: 6/6
  4196 | D:4      | Reached skill level 5 in Maces & Flails
  4299 | D:4      | Found Enopsi's Weapon Shoppe.
  4875 | D:4      | Noticed an ogre
  4949 | D:5      | Entered Level 5 of the Dungeon
  5204 | D:5      | Reached skill level 6 in Maces & Flails
  5796 | D:4      | Killed an ogre
  5796 | D:4      | Reached XP level 7. HP: 8/52 MP: 7/7
  6155 | D:4      | Found a staircase to the Ecumenical Temple.
  6164 | Temple   | Entered the Ecumenical Temple
  6293 | Temple   | Became a worshipper of Warmaster Okawaru
  6293 | Temple   | Acquired Okawaru's first power
  6446 | D:5      | Found a deep blue altar of Sif Muna.
  6837 | D:5      | Noticed a water moccasin
  6866 | D:5      | Killed a water moccasin
  6877 | D:5      | Reached skill level 5 in Fighting
  7105 | D:5      | Reached XP level 8. HP: 32/63 MP: 8/8
  7333 | D:5      | Found Klur's Magic Scroll Shoppe.
  7342 | D:5      | Found a sacrificial altar of Ru.
  7459 | D:5      | Reached skill level 1 in Bows
  8325 | D:6      | Mangled by an orc warrior

Action                   |  1- 3 |  4- 6 |  7- 9 || total
-------------------------+-------+-------+-------++-------
Melee: Whip              |   245 |   406 |   179 ||   830
       Unarmed           |     7 |       |       ||     7
 Fire: Shortbow          |       |       |    27 ||    27
Invok: Heroism           |       |       |     2 ||     2
  Use: Scroll            |     7 |     3 |     1 ||    11
       Potion            |       |     3 |     1 ||     4
 Stab: Sleeping          |     1 |     3 |     4 ||     8
  Eat: Chunk             |     3 |     3 |     1 ||     7
       Fruit             |     1 |     7 |       ||     8
       Beef jerky        |       |     2 |       ||     2
       Bread ration      |       |       |     2 ||     2
